3AA
CASPER GHOSTS @ SAN BERNARDINO GRASSHOPPERS
06/24/2029
 
TOP OF THE 1ST
Casper Ghosts batting - Pitching for San Bernardino Grasshoppers : RHP Delmar Llerena
Pitching: RHP Delmar Llerena
Batting: LHB Ronald Anderson 0-0: Foul Ball, location: 2F
0-1: Ball
1-1: Ground out U3 (Groundball, 3)
Batting: RHB José Córdova 0-0: Fly out, F5 (Popup, 56)
Batting: RHB Derek Bangert 0-0: Called Strike
0-1: Foul Ball, location: 2F
0-2: Ball
1-2: Strikes out looking
Top of the 1st over - 0 runs, 0 hits, 0 errors, 0 left on base; Casper 0 - San Bernardino 0
BOTTOM OF THE 1ST
San Bernardino Grasshoppers batting - Pitching for Casper Ghosts : RHP Ángelo Román
Pitching: RHP Ángelo Román
Batting: RHB Oscar Gandarilla 0-0: Called Strike
0-1: Foul Ball, location: 2F
0-2: Foul Ball, location: 2F
0-2: Fly out, F7 (Flyball, 7LS)
Batting: RHB Kelly Harris 0-0: Ball
1-0: Foul Ball, location: 2F
1-1: Foul Ball, location: 2F
1-2: Ball
2-2: Foul Ball, location: 2F
2-2: Ball
3-2: Base on Balls
Batting: RHB Claudio Tappen 0-0: SINGLE (Line Drive, 8LS)
Kelly Harris to second
Batting: LHB William O'Keefe 0-0: Ball
1-0: Swinging Strike
1-1: Ball
2-1: Ball
3-1: Base on Balls
Kelly Harris to third
Claudio Tappen to second
Batting: RHB Griffin Woodfinlevine 0-0: Ball
1-0: Fly out, F9 (Flyball, 9)
Runner from 3rd tags up, SCORES, throw made
Batting: RHB Cisco Feijoo 0-0: Fly out, F8 (Flyball, 8LM)
Bottom of the 1st over - 1 run, 1 hit, 0 errors, 2 left on base; Casper 0 - San Bernardino 1
TOP OF THE 2ND
Casper Ghosts batting - Pitching for San Bernardino Grasshoppers : RHP Delmar Llerena
Batting: RHB Jorge Díaz 0-0: Ball
1-0: Ball
2-0: Swinging Strike
2-1: Foul Ball, location: 2F
2-2: Ball
3-2: SOLO HOME RUN (Flyball, 7D), Distance : 375 ft
Batting: RHB Bob Phillips 0-0: Ball
1-0: Swinging Strike
1-1: Ball
2-1: Ball
3-1: Foul Ball, location: 2F
3-2: Fly out, F7 (Flyball, 7D)
Batting: RHB Steve Weber 0-0: Fly out, F8 (Flyball, 8LS)
Batting: RHB Armando Pacheco 0-0: Called Strike
0-1: Ball
1-1: Foul Ball, location: 2F
1-2: Foul Ball, location: 2F
1-2: Ball
2-2: SINGLE (Line Drive, 4MD)
Batting: RHB Henry Appleby 0-0: Ball
1-0: Swinging Strike
1-1: Ball
2-1: Foul Ball, location: 2F
2-2: Ball
3-2: Base on Balls
Armando Pacheco to second
Batting: RHB Juan Hernández 0-0: Ball
1-0: Swinging Strike
1-1: Swinging Strike
1-2: Strikes out swinging
Top of the 2nd over - 1 run, 2 hits, 0 errors, 2 left on base; Casper 1 - San Bernardino 1
BOTTOM OF THE 2ND
San Bernardino Grasshoppers batting - Pitching for Casper Ghosts : RHP Ángelo Román
Batting: RHB Apu Nahasapeemapetilon 0-0: Ball
1-0: Foul Ball, location: 2F
1-1: Called Strike
1-2: Ball
2-2: Foul Ball, location: 2F
2-2: Strikes out swinging
Batting: RHB Jorge Estrada 0-0: Foul Ball, location: 2F
0-1: Called Strike
0-2: Strikes out swinging
Batting: LHB Harold Wiggins 0-0: Ball
1-0: Foul Ball, location: 2F
1-1: Reaches on Catchers interference
Batting: RHB Oscar Gandarilla 0-0: Swinging Strike
0-1: Ball
1-1: Swinging Strike
1-2: Fly out, F8 (Flyball, 8RD)
Bottom of the 2nd over - 0 runs, 0 hits, 1 error, 1 left on base; Casper 1 - San Bernardino 1
TOP OF THE 3RD
Casper Ghosts batting - Pitching for San Bernardino Grasshoppers : RHP Delmar Llerena
Batting: LHB Ronald Anderson 0-0: Ball
1-0: Called Strike
1-1: Swinging Strike
1-2: Foul Ball, location: 2F
1-2: Foul Ball, location: 2F
1-2: Strikes out swinging
Batting: RHB José Córdova 0-0: Called Strike
0-1: Ball
1-1: Foul Ball, location: 2F
1-2: Ball
2-2: Foul Ball, location: 2F
2-2: Ball
3-2: Foul Ball, location: 2F
3-2: Foul Ball, location: 2F
3-2: Strikes out swinging
Batting: RHB Derek Bangert 0-0: Called Strike
0-1: Ball
1-1: Ground out 6-3 (Groundball, 6)
Top of the 3rd over - 0 runs, 0 hits, 0 errors, 0 left on base; Casper 1 - San Bernardino 1
BOTTOM OF THE 3RD
San Bernardino Grasshoppers batting - Pitching for Casper Ghosts : RHP Ángelo Román
Batting: RHB Kelly Harris 0-0: Called Strike
0-1: Ball
1-1: SINGLE (Groundball, 6D)
Batting: RHB Claudio Tappen 0-0: Ball
Kelly Harris is caught stealing 2nd base
1-0: Swinging Strike
1-1: Called Strike
1-2: Strikes out swinging
Batting: LHB William O'Keefe 0-0: Ball
1-0: DOUBLE (Line Drive, 89D)
Batting: RHB Griffin Woodfinlevine 0-0: Ball
1-0: Called Strike
1-1: Ball
2-1: Ball
Wild Pitch!
William O'Keefe to third
3-1: Foul Ball, location: 2F
3-2: SINGLE (Groundball, 34D)
William O'Keefe scores
Batting: RHB Cisco Feijoo 0-0: Called Strike
0-1: 2-RUN HOME RUN (Flyball, 7LD), Distance : 354 ft
Batting: RHB Apu Nahasapeemapetilon 0-0: Foul Ball, location: 2F
0-1: Fly out, F8 (Flyball, 8LS)
Bottom of the 3rd over - 3 runs, 4 hits, 0 errors, 0 left on base; Casper 1 - San Bernardino 4
TOP OF THE 4TH
Casper Ghosts batting - Pitching for San Bernardino Grasshoppers : RHP Delmar Llerena
Batting: RHB Jorge Díaz 0-0: Called Strike
0-1: Foul Ball, location: 2F
0-2: Strikes out swinging
Batting: RHB Bob Phillips 0-0: Called Strike
0-1: Called Strike
0-2: Ball
1-2: Ball
2-2: Strikes out swinging
Batting: RHB Steve Weber 0-0: Ball
1-0: Foul Ball, location: 2F
1-1: Foul Ball, location: 2F
1-2: Ball
2-2: Strikes out swinging
Top of the 4th over - 0 runs, 0 hits, 0 errors, 0 left on base; Casper 1 - San Bernardino 4
BOTTOM OF THE 4TH
San Bernardino Grasshoppers batting - Pitching for Casper Ghosts : RHP Ángelo Román
Batting: RHB Jorge Estrada 0-0: Ball
1-0: Called Strike
1-1: Called Strike
1-2: SINGLE (Groundball, 34D)
Batting: LHB Harold Wiggins 0-0: Called Strike
0-1: Foul Ball, location: 2F
0-2: Ball
1-2: Ball
2-2: Fly out, F6 (Popup, 6M)
Batting: RHB Oscar Gandarilla 0-0: Ball
1-0: Called Strike
1-1: Ball
2-1: Foul Ball, location: 2F
2-2: Grounds into double play, 6-4-3 (Groundball, 6)
Bottom of the 4th over - 0 runs, 1 hit, 0 errors, 0 left on base; Casper 1 - San Bernardino 4
TOP OF THE 5TH
Casper Ghosts batting - Pitching for San Bernardino Grasshoppers : RHP Delmar Llerena
Batting: RHB Armando Pacheco 0-0: Ball
1-0: Foul Ball, location: 2F
1-1: Fly out, F7 (Line Drive, 7D)
Batting: RHB Henry Appleby 0-0: Called Strike
0-1: Called Strike
0-2: Ball
1-2: Fly out, F8 (Flyball, 8LM)
Batting: RHB Juan Hernández 0-0: Fly out, F7 (Flyball, 7S)
Top of the 5th over - 0 runs, 0 hits, 0 errors, 0 left on base; Casper 1 - San Bernardino 4
BOTTOM OF THE 5TH
San Bernardino Grasshoppers batting - Pitching for Casper Ghosts : RHP Ángelo Román
Batting: RHB Kelly Harris 0-0: Called Strike
0-1: Swinging Strike
0-2: Ball
1-2: Foul Ball, location: 2F
1-2: Foul Ball, location: 2F
1-2: Ground out 1-3 (Groundball, 13)
Batting: RHB Claudio Tappen 0-0: Ball
1-0: Ball
2-0: Ball
3-0: Base on Balls
Batting: LHB William O'Keefe 0-0: Ball
1-0: Fly out, F7 (Flyball, 78M)
Batting: RHB Griffin Woodfinlevine 0-0: Called Strike
Claudio Tappen steals 2nd base
0-1: Called Strike
0-2: TRIPLE (Flyball, 9D)
Claudio Tappen scores
Pinch Runner at 3rd Júlio González:
Batting: RHB Cisco Feijoo 0-0: Called Strike
0-1: Foul Ball, location: 2F
0-2: Ball
1-2: Strikes out swinging
Bottom of the 5th over - 1 run, 1 hit, 0 errors, 1 left on base; Casper 1 - San Bernardino 5
TOP OF THE 6TH
Casper Ghosts batting - Pitching for San Bernardino Grasshoppers : RHP Delmar Llerena
Now in RF: Júlio González
Batting: LHB Ronald Anderson 0-0: Called Strike
0-1: Ball
1-1: Foul Ball, location: 2F
1-2: Ball
2-2: Foul Ball, location: 2F
2-2: Fly out, F4 (Line Drive, 4M)
Batting: RHB José Córdova 0-0: Ball
1-0: Ball
2-0: Foul Ball, location: 2F
2-1: Ground out 4-3 (Groundball, 4M)
Batting: RHB Derek Bangert 0-0: Ball
1-0: Foul Ball, location: 2F
1-1: Called Strike
1-2: Ball
2-2: Foul Ball, location: 2F
2-2: Ball
3-2: SINGLE (Line Drive, 89S)
Batting: RHB Jorge Díaz 0-0: Ground out 4-3 (Groundball, 4MS)
Top of the 6th over - 0 runs, 1 hit, 0 errors, 1 left on base; Casper 1 - San Bernardino 5
BOTTOM OF THE 6TH
San Bernardino Grasshoppers batting - Pitching for Casper Ghosts : RHP Ángelo Román
Batting: RHB Apu Nahasapeemapetilon 0-0: Ball
1-0: Ball
2-0: Foul Ball, location: 2F
2-1: Fly out, F4 (Line Drive, 4)
Batting: RHB Jorge Estrada 0-0: Ball
1-0: Ball
2-0: Ball
3-0: Called Strike
3-1: Swinging Strike
3-2: Fly out, F9 (Flyball, 9LD)
Batting: LHB Harold Wiggins 0-0: Called Strike
0-1: Ball
1-1: Foul Ball, location: 2F
1-2: Fly out, F7 (Flyball, 78M)
Bottom of the 6th over - 0 runs, 0 hits, 0 errors, 0 left on base; Casper 1 - San Bernardino 5
TOP OF THE 7TH
Casper Ghosts batting - Pitching for San Bernardino Grasshoppers : RHP Delmar Llerena
Batting: RHB Bob Phillips 0-0: Ball
1-0: Called Strike
1-1: Fly out, F3 (Popup, 3)
Batting: RHB Steve Weber 0-0: Called Strike
0-1: Ball
1-1: Ball
2-1: Foul Ball, location: 2F
2-2: Fly out, F3 (Popup, 34)
Batting: RHB Armando Pacheco 0-0: Called Strike
0-1: Ball
1-1: Ball
2-1: Ball
3-1: Base on Balls
Batting: RHB Henry Appleby 0-0: Foul Ball, location: 2F
0-1: Ball
1-1: Ball
2-1: Ball
3-1: Base on Balls
Armando Pacheco to second
Pitching: RHP Jack Mason
Batting: RHB Juan Hernández 0-0: Fly out, F7 (Flyball, 78S)
Top of the 7th over - 0 runs, 0 hits, 0 errors, 2 left on base; Casper 1 - San Bernardino 5
BOTTOM OF THE 7TH
San Bernardino Grasshoppers batting - Pitching for Casper Ghosts : RHP Ángelo Román
Batting: RHB Oscar Gandarilla 0-0: Swinging Strike
0-1: Ball
1-1: Ball
2-1: Foul Ball, location: 2F
2-2: Ground out 6-3 (Groundball, 6M)
Batting: RHB Kelly Harris 0-0: Ball
1-0: Ball
2-0: Swinging Strike
2-1: Ball
3-1: Fly out, F3 (Flyball, 3D)
Batting: RHB Claudio Tappen 0-0: Swinging Strike
0-1: Ball
1-1: Fly out, F9 (Flyball, 9LS)
Bottom of the 7th over - 0 runs, 0 hits, 0 errors, 0 left on base; Casper 1 - San Bernardino 5
TOP OF THE 8TH
Casper Ghosts batting - Pitching for San Bernardino Grasshoppers : RHP Jack Mason
Batting: LHB Ronald Anderson 0-0: Swinging Strike
0-1: Swinging Strike
0-2: Strikes out swinging
Batting: RHB José Córdova 0-0: Ball
1-0: Ball
2-0: Ball
3-0: Base on Balls
Batting: RHB Derek Bangert 0-0: SINGLE (Flyball, 9LM)
José Córdova to second
Runner from 2nd tries for 3rd, SAFE, no throw
Batting: RHB Jorge Díaz 0-0: Ball
1-0: 3-RUN HOME RUN (Flyball, 7LD), Distance : 366 ft
Pitching: LHP Xavier Medina
Batting: RHB Bob Phillips 0-0: Ground out 5-3 (Groundball, 56)
Batting: RHB Steve Weber 0-0: Ball
1-0: Ball
2-0: Ball
3-0: Base on Balls
Pitching: RHP Max Cook
Batting: RHB Armando Pacheco 0-0: Ball
1-0: Ball
2-0: Ball
3-0: Called Strike
3-1: Base on Balls
Steve Weber to second
Batting: RHB Henry Appleby 0-0: Called Strike
0-1: Fly out, F8 (Flyball, 8LS)
Top of the 8th over - 3 runs, 2 hits, 0 errors, 2 left on base; Casper 4 - San Bernardino 5
BOTTOM OF THE 8TH
San Bernardino Grasshoppers batting - Pitching for Casper Ghosts : RHP Ángelo Román
Pitching: RHP Yoshii Ikeda
Batting: LHB William O'Keefe 0-0: Called Strike
0-1: Called Strike
0-2: Strikes out swinging
Batting: SHB Júlio González 0-0: Called Strike
0-1: Ball
1-1: DOUBLE (Flyball, 8RD)
Pinch Hitting: LHB Natale Langushi 0-0: Called Strike
0-1: Ball
1-1: Called Strike
1-2: Strikes out looking
Batting: RHB Apu Nahasapeemapetilon 0-0: Ball
1-0: Ball
2-0: SINGLE (Flyball, 9LS)
Júlio González to third
Runner from 3rd tries for Home, SAFE, no throw
Batting: RHB Jorge Estrada 0-0: Swinging Strike
0-1: Ball
1-1: Foul Ball, location: 2F
1-2: Foul Ball, location: 2F
1-2: Strikes out swinging
Bottom of the 8th over - 1 run, 2 hits, 0 errors, 1 left on base; Casper 4 - San Bernardino 6
TOP OF THE 9TH
Casper Ghosts batting - Pitching for San Bernardino Grasshoppers : RHP Max Cook
Pitching: RHP Austin Aries
Now at 2B: Natale Langushi
Batting: RHB Juan Hernández 0-0: Called Strike
0-1: Ball
1-1: TRIPLE (Line Drive, 89XD)
Batting: LHB Ronald Anderson 0-0: Fly out, F7 (Flyball, 7LS)
Batting: RHB José Córdova 0-0: SINGLE (Line Drive, 7S)
Juan Hernández scores
Batting: RHB Derek Bangert 0-0: Ball
1-0: Called Strike
1-1: Ball
2-1: Swinging Strike
2-2: Ball
3-2: Strikes out looking
Batting: RHB Jorge Díaz 0-0: 2-RUN HOME RUN (Flyball, 7D), Distance : 395 ft
Batting: RHB Bob Phillips 0-0: Foul Ball, location: 2F
0-1: Ball
1-1: Ground out 6-3 (Groundball, 6)
Top of the 9th over - 3 runs, 3 hits, 0 errors, 0 left on base; Casper 7 - San Bernardino 6
BOTTOM OF THE 9TH
San Bernardino Grasshoppers batting - Pitching for Casper Ghosts : RHP Yoshii Ikeda
Pitching: RHP Ignacio Ayala
Now at 3B: Roberto De La Cruz
Now in RF: Paco Ríos
Pinch Hitting: LHB Ubbe van Antwerpen 0-0: Called Strike
0-1: Ball
1-1: Called Strike
1-2: Ball
2-2: SINGLE (Groundball, 4D)
Pinch Runner at 1st Domingo Bravo:
Batting: RHB Oscar Gandarilla 0-0: Ball
1-0: Sac Bunt - play at first, batter OUT! 1-4
Domingo Bravo to second
Batting: RHB Kelly Harris 0-0: Ball
1-0: Called Strike
1-1: Foul Ball, location: 2F
1-2: Ball
2-2: Ball
3-2: Base on Balls
Batting: RHB Claudio Tappen 0-0: Called Strike
0-1: Ball
1-1: Foul Ball, location: 2F
1-2: Ball
2-2: SINGLE (Groundball, 56S) (infield hit)
Domingo Bravo to third
Kelly Harris to second
Batting: LHB William O'Keefe 0-0: Ball
1-0: Ball
2-0: Called Strike
2-1: Ball
3-1: Swinging Strike
3-2: SINGLE (Groundball, 4MD)
Domingo Bravo scores
Kelly Harris to third
Claudio Tappen to second
Runner from 3rd tries for Home, SAFE, no throw
Tuesday, December 19th, 2017 - OOTP Baseball 18.8 Build 76